 Dungeon Crawl Stone Soup version 0.21-a0-404-g291f19a (webtiles) character file.

1472 Moebius the Thaumaturge (level 8, -4/36 HPs)
             Began as a Deep Elf Fire Elementalist on Oct 31, 2017.
             Was a Follower of Hepliaklqana.
             Slain by zodiak12's ghost (13 damage)
             ... on level 5 of the Dungeon.
             The game lasted 00:29:05 (6403 turns).

Moebius the Thaumaturge (DEFE)                      Turns: 6403, Time: 00:29:06

Health: -4/36      AC:  3    Str:  5      XL:     8   Next: 49%
Magic:  1/22       EV: 13    Int: 21 (23) God:    Hepliaklqana [*.....]
Gold:   240        SH:  0    Dex: 15      Spells: 11/24 levels left

rFire    . . .     SeeInvis .   j - +0 dagger
rCold    . . .     Gourm    .   (no shield)
rNeg     . . .     Faith    .   y - +0 robe {MR+}
rPois    .         Spirit   .   (no helmet)
rElec    .         Reflect  .   h - +0 cloak
rCorr    .         Harm     .   (no gloves)
MR       +....                  (no boots)
Stlth    ++........             (no amulet)
HPRegen  0.12/turn              (no ring)
MPRegen  0.18/turn              (no ring)

@: no status effects
A: reduced essence
a: Recall Ancestor, Ancestor Identity, Renounce Religion


You were on level 5 of the Dungeon.
You worshipped Hepliaklqana.
Hepliaklqana was aware of your devotion.
You were not hungry.

You visited 2 branches of the dungeon, and saw 8 of its levels.

You collected 300 gold pieces.
You spent 60 gold pieces at shops.

Inventory:

Hand Weapons
 j - a +0 dagger (weapon)
Missiles
 o - 7 tomahawks (quivered)
 r - 26 poisoned needles
Armour
 a - a +0 robe
 h - a +0 cloak (worn)
 n - the +3 leather armour of Xeimut {rC- MR+ Str+3}
   (You found it on level 5 of the Dungeon)

   It affects your strength (+3).
   It makes you vulnerable to cold.
   It affects your resistance to hostile enchantments.
 y - a +0 robe of magic resistance (worn)
Jewellery
 p - an uncursed amulet of faith
Wands
 v - a wand of digging (24/24)
Scrolls
 f - 4 scrolls of identify
 g - 7 scrolls of teleportation
 k - a scroll of vulnerability {unknown}
 s - 2 scrolls of immolation
Potions
 d - 2 potions of mutation {unknown}
 e - a potion of curing {unknown}
 i - a potion of degeneration
 m - 3 potions of heal wounds
 t - a potion of brilliance
 u - 2 potions of agility
 w - 4 potions of lignification {unknown}
 x - a potion of might {unknown}
 A - a potion of flight {unknown}
Books
 b - a book of Flames

   Spells                             Type                      Level
   a - Flame Tongue                   Conjuration/Fire             1
   b - Throw Flame                    Conjuration/Fire             2
   c - Conjure Flame                  Conjuration/Fire             3
   d - Inner Flame                    Hexes/Fire                   3
   e - Sticky Flame                   Conjuration/Fire             4
   f - Fireball                       Conjuration/Fire             5
 q - a book of Cantrips

   Spells                             Type                      Level
   a - Confusing Touch                Hexes                        1
   b - Animate Skeleton               Necromancy                   1
   c - Summon Small Mammal            Summoning                    1
   d - Apportation                    Translocation                1
Comestibles
 c - 3 bread rations
 z - a meat ration


   Skills:
 - Level 2.4 Dodging
 - Level 2.4 Stealth
 + Level 8.5 Spellcasting
 + Level 6.3 Conjurations
 + Level 7.1 Fire Magic
 * Level 2.7 Invocations


You had 11 spell levels left.
You knew the following spells:

 Your Spells              Type           Power        Failure   Level  Hunger
a - Flame Tongue          Conj/Fire      #####        1%          1    None
b - Conjure Flame         Conj/Fire      #####...     1%          3    None
c - Sticky Flame          Conj/Fire      #####...     4%          4    ###....
d - Fireball              Conj/Fire      #####.....   13%         5    #####..


Dungeon Overview and Level Annotations

Branches:
Dungeon (7/15)             Temple (1/1) D:4

Altars:
Ashenzari
Cheibriados
Dithmenos
Elyvilon
Fedhas
Gozag
Hepliaklqana
Kikubaaqudgha
Makhleb
Nemelex Xobeh
Okawaru
Ru
Sif Muna
Trog
Uskayaw
Wu Jian
Xom
Yredelemnul
Zin
The Shining One

Shops:
D:4 !=*

Annotations:
D:5 zodiak12's ghost, novice DrFi


Message History

Zodiak12's ghost hits you.
Casting: Flame Tongue
Confirm with . or Enter, or press ? or * to list all spells.
Aiming: Flame Tongue
Press: ? - help, Shift-Dir - straight line, f/p - zodiak12's ghost
Aim: zodiak12's ghost (flame, moderately damaged)
The flame tongue hits zodiak12's ghost.
Zodiak12's ghost appears unharmed.
Zodiak12's ghost is moderately damaged.
Zodiak12's ghost hits you!
* * * LOW HITPOINT WARNING * * *
Casting: Flame Tongue
Confirm with . or Enter, or press ? or * to list all spells.
Aiming: Flame Tongue
Press: ? - help, Shift-Dir - straight line, f/p - zodiak12's ghost
Aim: zodiak12's ghost (flame, moderately damaged)
The flame tongue hits zodiak12's ghost.
Zodiak12's ghost resists.
Zodiak12's ghost is moderately damaged.
Zodiak12's ghost is engulfed in blazing flames.
Zodiak12's ghost hits you!
You die...

...[##.#...# ..# #.#.##.....#
###.### #.#.####...#
.#...#.#####
#..........##.#.........#
#.###.#>####.#....#.........#
#...............###<........#
######.#####.##.#...........#
#.# #W##.#.##).......# #.#
#@##...#.).......# #.##
#R######.##.###### #..#
#.######.##.# ##.#
#.##.....#..# ###### #.#
#.##.#####.## #....# #.##
#.##.# #.# #.##.# #..# #.##.#
#.# #.##.#######.# #.##.# #.#
#.##.##....#.###.##.# #.#


You could see the friendly Dunstan the ancestor and zodiak12's ghost.

Vanquished Creatures
  The ghost of KristoblXynda the Ducker, an amateur SpBe of Trog (D:3)
  An ice beast (D:5)
  A sky beast (D:6)
  A necrophage (D:6)
  2 ogres (D:6)
  2 bullfrogs
  A scorpion (D:4)
  A howler monkey (D:4)
  A bullfrog zombie (D:6)
  2 orc priests
  4 orc wizards
  A centaur skeleton (D:5)
  Natasha (thrice) (D:2)
  An iguana (D:4)
  3 worker ants
  2 howler monkey skeletons
  5 adders
  An ancestor (D:6)
  2 shadow imps
  4 worms
  2 leopard geckos (D:3)
  17 orcs
  4 bats
  5 giant cockroaches
  2 goblins
  8 hobgoblins
  5 jackals
  2 kobolds
  2 quokkas
  A ball python (D:1)
  5 frilled lizards
  A giant cockroach zombie (D:5)
  4 rats
97 creatures vanquished.

Vanquished Creatures (collateral kills)
  An orc warrior (D:6)
  An orc wizard (D:6)
  An orc priest (D:4)
  A worm (D:6)
4 creatures vanquished.

Grand Total: 101 creatures vanquished

Notes
Turn   | Place    | Note
-------+----------+-------------------------------------------
     0 | D:1      | Moebius the Deep Elf Fire Elementalist began the quest for the Orb.
     0 | D:1      | Reached XP level 1. HP: 10/10 MP: 6/6
   785 | D:1      | Reached XP level 2. HP: 15/15 MP: 5/8
  1220 | D:2      | Noticed Natasha
  1229 | D:2      | Killed Natasha
  1229 | D:2      | Reached XP level 3. HP: 7/19 MP: 2/10
  1234 | D:2      | Noticed Natasha
  1341 | D:2      | Killed Natasha
  1341 | D:2      | Reached skill level 4 in Spellcasting
  1342 | D:2      | Reached XP level 4. HP: 18/24 MP: 8/12
  1416 | D:3      | Noticed a bullfrog
  1432 | D:3      | Killed a bullfrog
  1875 | D:2      | Reached XP level 5. HP: 28/28 MP: 5/13
  2041 | D:2      | Noticed Natasha
  2053 | D:2      | Killed Natasha
  2061 | D:2      | Found an iron altar of Okawaru.
  2163 | D:3      | Found a shattered altar of Ashenzari.
  2248 | D:3      | Noticed KristoblXynda's ghost (amateur SpBe)
  2263 | D:3      | Killed KristoblXynda's ghost
  2263 | D:3      | Reached skill level 5 in Spellcasting
  2263 | D:3      | Reached skill level 5 in Fire Magic
  2263 | D:3      | Reached XP level 6. HP: 21/32 MP: 5/15
  3333 | D:3      | Learned a level 3 spell: Conjure Flame
  3338 | D:3      | Learned a level 4 spell: Sticky Flame
  3344 | D:3      | Learned a level 5 spell: Fireball
  3636 | D:4      | Found Zyfulul's General Store.
  3645 | D:5      | Entered Level 5 of the Dungeon
  3645 | D:5      | Noticed an ice beast
  3658 | D:5      | Killed an ice beast
  3692 | D:5      | Got a heavily runed leather armour
  3725 | D:4      | Bought a potion of heal wounds for 60 gold pieces
  3961 | D:4      | Found Ifagav's Distillery.
  3978 | D:4      | Reached skill level 6 in Spellcasting
  4037 | D:4      | Found a staircase to the Ecumenical Temple.
  4059 | Temple   | Entered the Ecumenical Temple
  4243 | Temple   | Became a worshipper of Hepliaklqana the Forgotten
  4477 | D:4      | Reached XP level 7. HP: 32/32 MP: 6/18
  4481 | D:4      | Reached skill level 5 in Conjurations
  4613 | D:4      | Found Fewnoreq's Jewellery Emporium.
  4890 | D:4      | Identified the +3 leather armour of Xeimut {rC- MR+ Str+3} (You found it on level 5 of the Dungeon)
  4949 | D:5      | Found a white marble altar of Elyvilon.
  4957 | D:5      | Found a deep blue altar of Sif Muna.
  5031 | D:5      | Noticed zodiak12's ghost (novice DrFi)
  5056 | D:6      | Found a sacrificial altar of Ru.
  5075 | D:6      | Reached skill level 7 in Spellcasting
  5236 | D:6      | Reached * piety under Hepliaklqana
  5427 | D:6      | Reached skill level 1 in Invocations
  5490 | D:6      | Reached XP level 8. HP: 28/36 MP: 10/21
  5659 | D:6      | Reached skill level 8 in Spellcasting
  6032 | D:6      | Found a sparkling altar of Nemelex Xobeh.
  6038 | D:6      | Found a white marble altar of Elyvilon.
  6038 | D:6      | Found an ornate altar of the Wu Jian Council.
  6040 | D:6      | Found a shimmering altar of Xom.
  6040 | D:6      | Found a basalt altar of Yredelemnul.
  6040 | D:6      | Found an ornate altar of the Wu Jian Council.
  6403 | D:5      | Slain by zodiak12's ghost

Vault maps used:
D:1:      lemuel_arrival_behind_the_door_small, hangedman_glass_teeth
D:2:      nicolae_overflow_hidden_temple, wad_orctagon, uniq_natasha
D:3:      gup_sewer_entry_bubbles, evilmike_ruin_ashenzari
D:4:      minmay_temple_entry_statues, serial_shops, nicolae_shop_stone, shop,
          nicolae_shop_waterfront, first_bread, hangedman_decor_slide_cut
D:5:      elyvilon_altar_4, basic_altar
D:6:      doesnt_xom_only_xom, hangedman_ru_absence, minmay_misc_feat_plants
D:7:      kennysheep_kobold_camp, lemuel_coloured_pillars_altar, serial_shops,
          kennysheep_little_box
Temple:   regret_index_temple_waves

Skill      XL: |  1  2  3  4  5  6  7  8 |
---------------+-------------------------+-----
Conjurations   | 2 3 4 5 6 |  6.3
Fire Magic     | 4 5 6 7 |  7.1
Spellcasting   | 4 5 6 7 8 |  8.5
Invocations    | 1 2 |  2.7
Dodging        | |  2.4
Stealth        | |  2.4

Action                   |  1- 3 |  4- 6 |  7- 9 || total
-------------------------+-------+-------+-------++-------
Melee: Dagger            |       |     5 |    20 ||    25
Throw: Tomahawk          |       |     1 |     2 ||     3
 Cast: Flame Tongue      |    43 |    86 |    88 ||   217
       Sticky Flame      |       |     2 |    15 ||    17
       Fireball          |       |     2 |       ||     2
       Conjure Flame     |       |     1 |     4 ||     5
Evoke: Wand              |       |     1 |       ||     1
  Use: Potion            |       |     2 |     1 ||     3
       Scroll            |       |     5 |     2 ||     7
  Eat: Chunk             |     1 |     7 |     9 ||    17
       Royal jelly       |       |     1 |       ||     1
Armor: Robe              |     3 |     5 |     1 ||     9
       Leather armour    |       |       |    19 ||    19
Dodge: Dodged            |    10 |    32 |    31 ||    73

Table legend:
 A = Spawn XP
 B = Non-spawn XP
 C = Spawn XP percentage of total XP
 D = Spawn monster count
 E = Non-spawn monster count
 F = Spawn count percentage of total count
 G = Total turns spent on level
                    A         B        C        D         E        F      G
               +---------+---------+-------+---------+---------+-------+---------
         Total |       0 |    2104 |   0.0 |       0 |     100 |   0.0 |  6403
               +---------+---------+-------+---------+---------+-------+---------
           D:1 |       0 |      20 |   0.0 |       0 |      11 |   0.0 |  1137
           D:2 |       0 |     128 |   0.0 |       0 |      14 |   0.0 |   977
           D:3 |       0 |     277 |   0.0 |       0 |      22 |   0.0 |  1495
           D:4 |       0 |     320 |   0.0 |       0 |      13 |   0.0 |  1010
           D:5 |       0 |     432 |   0.0 |       0 |      12 |   0.0 |   300
           D:6 |       0 |     927 |   0.0 |       0 |      28 |   0.0 |  1230
               +---------+---------+-------+---------+---------+-------+---------
